 Dungeon Crawl Stone Soup version 0.31.0-32-g396128a36d (webtiles) character file.

Game seed: 7495937503144624461

1673324 community the Axe Maniac (level 25, 257/257 HPs)
             Began as a Minotaur Berserker on Mar 20, 2024.
             Was the Champion of Trog.
             Escaped with the Orb
             ... and 3 runes on Mar 21, 2024!
             The game lasted 01:20:49 (65724 turns).

community the Axe Maniac (Minotaur Berserker)      Turns: 65724, Time: 01:20:50

Health: 257/257    AC: 42    Str: 33    XL:     25   Next: 24%
Magic:  7/7        EV: 26    Int:  7    God:    Trog [******]
Gold:   6957       SH:  0    Dex: 25    Spells: 24/24 levels left

rFire   + + +        a - +9 executioner's axe (antimagic)
rCold   + . .        (shield currently unavailable)
rNeg    + + +        g - +8 gold dragon scales
rPois   +            V - +0 hat "Liots" {rElec Str+3 Dex+3}
rElec   +            I - scarf {repulsion}
rCorr   +            q - +1 pair of gloves
SInv    .            c - +2 pair of boots {Fly}
Will    ++++.        x - macabre finger necklace {Finger+ rN+} Stlth
                     w - ring "Efougido" {rF- rC+ Will+ Str+3 Dex+3}
HPRegen 1.62/turn    T - ring of Eroint {^Drain rPois rN+++ Str-5 Dex+7}
MPRegen 0.10/turn    t - ring of Saranana {rF+++ rC- rN+ rCorr Int+3}

%: repel missiles
@: strong-willed, flying, regenerating, hasted, studying Evocations, very quick
A: horns 2, retaliatory headbutt
0: Orb of Zot
}: 3/15 runes: decaying, serpentine, silver
a: Renounce Religion, Berserk, Trog's Hand, Brothers in Arms


You escaped.
You worshipped Trog.
Trog was exalted by your worship.
You visited 10 branches of the dungeon, and saw 50 of its levels.
You visited the Abyss 1 time.

You collected 8268 gold pieces.
You spent 1311 gold pieces at shops.

Inventory:

Hand Weapons
 a - a +9 antimagic executioner's axe (weapon)
 b - a +9 executioner's axe of flaming
Missiles
 r - 13 javelins
 S - 9 silver javelins
 Z - a throwing net
Armour
 c - a +2 pair of boots of flying (worn)
 g - +8 gold dragon scales (worn)
 q - a +1 pair of gloves (worn)
 I - a scarf of repulsion (worn)
 V - the +0 hat "Liots" (worn) {rElec Str+3 Dex+3}
   (You acquired it on level 1 of the Lair of Beasts)

   Str+3:     It affects your strength (+3).
   Dex+3:     It affects your dexterity (+3).
   rElec:     It insulates you from electricity.
Jewellery
 k - a +6 ring of intelligence
 s - a ring of ice
 t - the ring of Saranana (on amulet) {rF+++ rC- rN+ rCorr Int+3}
   (You found it on level 3 of the Crypt)

   [ring of positive energy]

   Int+3:     It affects your intelligence (+3).
   rF+++:     It renders you almost immune to fire.
   rC-:       It makes you vulnerable to cold.
   rN+:       It protects you from negative energy.
   rCorr:     It protects you from acid and corrosion.
 v - a ring of see invisible
 w - the ring "Efougido" (left hand) {rF- rC+ Will+ Str+3 Dex+3}
   (You found it on level 3 of the Elven Halls)

   [ring of protection from cold]

   Str+3:     It affects your strength (+3).
   Dex+3:     It affects your dexterity (+3).
   rF-:       It makes you vulnerable to fire.
   rC+:       It protects you from cold.
   Will+:     It increases your willpower.
 x - the macabre finger necklace (around neck) {Finger+ rN+}
   (You found it on level 3 of the Elven Halls)

   [amulet of nothing]

   Finger+:   It enables you to equip an extra ring.
   rN+:       It protects you from negative energy.
 E - the ring of Cediatuz {Ice Will++}
   (You took it off Josephina on level 3 of the Crypt)

   [ring of ice]

   Ice:       It enhances your ice magic.
   rF-:       It makes you vulnerable to fire.
   rC+:       It protects you from cold.
   Will++:    It greatly increases your willpower.
 R - the ring of Oqupruts {Will+ AC+4}
   (You took it off a deep elf sorcerer on level 3 of the Elven Halls)

   [ring of protection]

   AC+4:      It affects your AC (+4).
   Will+:     It increases your willpower.
 T - the ring of Eroint (right hand) {^Drain rPois rN+++ Str-5 Dex+7}
   (You found it on level 3 of the Elven Halls)

   [ring of poison resistance]

   Str-5:     It affects your strength (-5).
   Dex+7:     It affects your dexterity (+7).
   rPois:     It protects you from poison rN+++: It renders you almost immune to
   negative energy.
   ^Drain:    It drains your maximum health when unequipped.
Wands
 i - a wand of digging (14)
 B - a wand of iceblast (36)
 C - a wand of charming (82)
 D - a wand of quicksilver (27)
 U - a wand of flame (3)
 W - a wand of mindburst (59)
 Y - a wand of polymorph (18)
Scrolls
 f - a scroll of enchant armour
 l - 8 scrolls of blinking
 m - 3 scrolls of butterflies
 p - 22 scrolls of teleportation
 y - 2 scrolls of silence
 A - 3 scrolls of fear
 H - 10 scrolls of fog
Potions
 d - 12 potions of mutation
 e - 23 potions of curing
 h - 6 potions of cancellation
 n - a potion of resistance
 z - 10 potions of heal wounds
 F - 10 potions of might
 G - 3 potions of berserk rage
 J - 8 potions of magic
 L - 5 potions of enlightenment
 P - 3 potions of invisibility
 Q - 8 potions of haste
 X - 2 potions of ambrosia
Miscellaneous
 K - a sack of spiders
 M - a phantom mirror
 O - a lightning rod (4/4)


   Skills:
 O Level 27 Fighting
 O Level 27 Axes
 * Level 26.9 Armour
 * Level 25.0 Dodging
 + Level 12.5 Evocations


You had 24 spell levels left.
You didn't know any spells.
Your spell library was empty.

Dungeon Overview and Level Annotations

Branches:
Dungeon (15/15)            Temple (0/1) D:5            Lair (5/5) D:9
  Swamp (4/4) Lair:2        Snake (4/4) Lair:2        Slime (0/5) Lair:5
    Orc (2/2) D:11            Elf (3/3) Orc:2        Vaults (5/5) D:13
  Crypt (3/3) Vaults:3       Tomb (0/3) Crypt:3      Depths (4/4) D:15
    Zot (5/5) Depths:4

Altars:
Dithmenos
Gozag
Hepliaklqana
Kikubaaqudgha
Makhleb
Qazlal
Sif Muna
Wu Jian
Yredelemnul
Zin
The Shining One
Jiyva

Shops:
D:2 ?   D:9 (*[   D:13 ?   Orc:1 *   Orc:2 [=(*   Vaults:1 [   Vaults:3 (*
Vaults:4 [

Portals:
Hell: Depths:1 Depths:2 Depths:3 Depths:4
Abyss: D:13 Depths:3
Pandemonium: Depths:2 Depths:4
Ziggurat: Depths:2

Annotations:
D:13 2 transporters, Bilof's ghost, journeyman HOFi
Lair:1 3 runed translucent doors, PaiMei's ghost, journeyman TeAE
Snake:3 Mara
Snake:4 6 transporters


Innate Abilities, Weirdness & Mutations

You have a pair of horns on your head.
You reflexively headbutt those who attack you in melee.


Message History

You kill the hellwing!
Trog accepts your kill.
You closely miss the hellwing. You slash the hellwing!
You headbutt the hellwing, but do no damage.
The hellwing is lightly wounded.
The hellwing hits you but does no damage.
The hellwing misses you.
You barely miss the hellwing.
The hellwing is lightly wounded.
The hellwing barely misses you. You furiously retaliate!
You headbutt the hellwing! The hellwing misses you.
You slash the hellwing!
The hellwing is severely wounded.
You barely miss the hellwing.
The hellwing is severely wounded.
The hellwing hits you but does no damage. x2
You slice the hellwing!!
You kill the hellwing!
Trog accepts your kill.
There's nothing to close nearby.
HP restored.
An Uraysm, a balrug and a neqoxec come into view.
The balrug is wielding a +1 demon whip of venom.
You feel yourself speed up.
The balrug shouts!
The neqoxec shouts!
Uraysm gestures at you. You resist with almost no effort.
Uraysm gestures.
You see here a staff of air.
Your skin crawls.
You feel strong-willed. The neqoxec gestures at you.
Something gnaws on your mind!
You feel your power leaking away.
There is an open door here.
You reach down and open the door.
There is an open door here.
There is a staircase leading out of the dungeon here.
You have escaped!

#.........##.##.##.# #.......
#.##......##.##....# ####.......
#.......#....####### #..'.......
####.#.##.#######.# #####.##.......
#.#.##.#.......# #.....##.......
#.#....##.########'##..##.......
#...........# #..##...##.......
################'#+#.######.....
#@..#...########### ###############
###'#'#.......# ### #.............#
#..###.####.# #.. #.............#
###'##.# #.# #.# #.............#
#....# #.# #.# #...........[.#
#########.###.# #......^......#
##.#.#.#.#
#.............############..(...#.#
#.........>.........#....#..#&#.#.#


There were no monsters in sight!

Vanquished Creatures
  6 dread liches
  4 ancient liches
  2 orbs of fire (Zot:5)
  A juggernaut (Depths:2)
  Josephina (Crypt:3)
  Sojobo (Depths:1)
  2 Killer Klowns (Zot:5)
  The ghost of Dameikh the Hoplite, a veteran FoFi of Nemelex Xobeh (Depths:3)
  Bai Suzhen (Snake:3)
  Saint Roka (Orc:1)
  A caustic shrike (Depths:2)
  4 curse toes
  5 golden dragons
  Nikola (Snake:4)
  Norris (Elf:3)
  2 bone dragons
  2 electric golems (Zot:5)
  Rupert (D:12)
  Jorgrun (D:14)
  10 tentacled monstrosities
  6 quicksilver dragons
  5 liches
  26 Orb Guardians
  2 deep elf blademasters (Elf:3)
  3 titans
  Mlioglotl (Swamp:2)
  A deep elf master archer (Elf:3)
  2 death cobs (Zot:4)
  4 sphinxes
  A tentacled starspawn (Abyss:2)
  An ancient champion (Crypt:1)
  A thorn hunter (Swamp:4)
  3 revenants
  8 storm dragons
  12 shadow dragons
  7 tengu reavers
  Aizul (Snake:3)
  3 nagarajas (Snake:4)
  Roxanne (Snake:4)
  Donald (Vaults:4)
  5 draconian shifters
  5 deep elf sorcerers (Elf:3)
  A draconian monk (Zot:5)
  5 frost giants
  8 fire giants
  A protean progenitor (Zot:2)
  A draconian scorcher (Zot:5)
  18 vault wardens
  3 deep elf elementalists (Elf:3)
  3 curse skulls
  2 orc warlords
  2 ghouls
  A spriggan defender (Depths:3)
  A juggernaut zombie (Crypt:3)
  2 ghost moths
  7 ironbound thunderhulks
  A juggernaut skeleton (Depths:3)
  3 draconian annihilators (Zot:5)
  2 formless jellyfish (Vaults:3)
  21 ironbound preservers
  9 very ugly things
  9 vampire knights
  A rockslime zombie (Crypt:2)
  21 stone giants
  2 black draconians (Zot:4)
  2 eleionomae
  2 green draconians
  8 deep elf annihilators
  3 deep elf demonologists
  6 deep elf death magi
  3 bunyips
  6 yellow draconians
  5 red draconians
  4 white draconians
  8 war gargoyles
  11 dire elephants
  3 purple draconians
  7 spark wasps
  3 eidola
  2 crystal guardians (Vaults:3)
  A quicksilver dragon zombie (Crypt:3)
  Snorg (Lair:4)
  4 fire dragons
  4 jiangshi
  12 yaktaur captains
  13 ettins
  An entropy weaver (shapeshifter) (Elf:1)
  11 deep elf high priests
  A shambling mangrove (Swamp:3)
  3 rakshasas
  3 great orbs of eyes
  Erolcha (D:9)
  31 vault guards
  2 peacekeepers
  A hell beast (Depths:3)
  28 hydras
  2 salamander tyrants
  8 ironbound frosthearts
  A spriggan zombie (Crypt:2)
  7 spriggan air magi
  8 ice dragons
  An ogre mage (Vaults:5)
  4 alligators
  8 centaur warriors
  11 ghost crabs
  5 anacondas
  A sphinx zombie (Depths:3)
  5 two-headed ogres
  A sphinx skeleton (Vaults:5)
  2 death knights
  9 tengu warriors
  10 naga warriors
  4 boulder beetles
  21 dancing weapons
  10 deep troll shamans
  An orc high priest (Elf:3)
  Urug (Orc:2)
  13 death yaks
  9 deep troll earth magi
  5 vampire magi
  2 demonic crawlers
  13 naga sharpshooters
  4 spriggan berserkers
  2 occultists (Vaults:3)
  2 thrashing horrors (Abyss:2)
  A soul eater (Depths:3)
  10 shock serpents
  A shadow wraith (Depths:3)
  4 skysharks
  A spectral death yak (Lair:5)
  15 deep elf knights
  3 titan skeletons (Crypt:3)
  A quicksilver dragon simulacrum (Depths:3)
  9 iron trolls
  A skyshark (shapeshifter) (Vaults:4)
  3 salamander mystics
  A spectral anaconda (Lair:5)
  A spriggan druid (Swamp:2)
  32 skeletal warriors
  6 goliath frogs
  A mana viper (shapeshifter) (Vaults:4)
  A sea snake (Snake:4)
  A deep troll (shapeshifter) (Vaults:5)
  3 glowing orange brains
  5 shadow dragon zombies
  7 bog bodies
  19 deep elf archers
  5 mana vipers
  7 flayed ghosts
  48 deep trolls
  3 arcanists (Vaults:3)
  4 naga ritualists
  7 orc knights
  An obsidian statue (Lair:5)
  19 phantasmal warriors
  2 harpies (shapeshifter)
  11 swamp dragons
  9 necromancers
  10 ironbound convokers
  13 lindwurms
  2 harpies
  29 deep elf zephyrmancers
  7 orc sorcerers
  24 deep elf pyromancers
  A frost giant zombie (Depths:3)
  Maurice (Orc:2)
  5 manticores
  A glowing shapeshifter (Vaults:5)
  24 ugly things
  18 salamanders
  14 moths of wrath
  6 will-o-the-wisps
  A stone giant zombie (Crypt:3)
  A manticore (shapeshifter) (Vaults:4)
  13 cyclopes
  9 elephants (Lair:5)
  A human zombie (Vaults:4)
  A meliai (shapeshifter) (D:13)
  6 guardian serpents
  3 titan simulacra
  2 frost giant skeletons
  20 vault sentinels
  3 human skeletons
  A toenail golem (D:15)
  A smoke demon (Abyss:2)
  25 black mambas
  2 dire elephant zombies
  2 stone giant skeletons (Vaults:4)
  4 gargoyles (Crypt:3)
  2 torpor snails
  16 cane toads
  8 naga magi
  3 large abominations (Abyss:2)
  An ice statue (Snake:3)
  A centaur skeleton (Crypt:3)
  2 dire elephant skeletons
  2 unseen horrors
  An efreet (D:9)
  12 komodo dragons
  Jeremiah (D:7)
  2 tengu conjurers
  A sea snake zombie (Crypt:1)
  An elf skeleton (Vaults:3)
  2 iron troll zombies
  Psyche (D:11)
  A rime drake (Lair:5)
  A mana viper skeleton (Crypt:2)
  22 yaktaurs
  A white draconian zombie (Crypt:2)
  4 ancient zymes (Abyss:2)
  5 freezing wraiths
  3 bloated husks
  3 hellwings (D:1)
  A death drake zombie (Crypt:1)
  14 hornets
  5 tyrant leeches
  2 trolls (D:12)
  A troll (shapeshifter) (D:15)
  A harpy zombie (Crypt:3)
  A hornet (shapeshifter) (D:14)
  7 polar bears
  2 raiju (Abyss:2)
  A polar bear (shapeshifter) (Elf:3)
  A deep troll zombie (Vaults:5)
  14 blink frogs
  A hydra skeleton (Crypt:1)
  2 harpy skeletons (Crypt:3)
  A snapping turtle (shapeshifter) (Depths:1)
  A spectral elephant (Lair:5)
  14 dream sheep (Lair:5)
  A dream sheep (shapeshifter) (Vaults:5)
  2 ettin zombies
  24 slime creatures
  9 wyverns
  3 fire dragon skeletons (Crypt:3)
  9 spriggans
  A culicivora (shapeshifter) (Vaults:5)
  A centaur simulacrum (D:14)
  5 vampires (Crypt:3)
  2 air elementals
  4 naga simulacra
  12 water elementals
  8 wraiths
  3 shadows (Crypt:3)
  2 hogs (shapeshifter)
  A yak (shapeshifter) (Abyss:2)
  7 basilisks
  9 starcursed masses (Abyss:2)
  69 yaks
  Grum (D:11)
  6 wargs
  A human (D:10)
  A fire bat (Abyss:2)
  5 golden eyes
  An unseen horror simulacrum (D:9)
  2 fire elementals
  A neqoxec (Depths:3)
  A steam dragon (D:8)
  6 vampire mosquitoes
  Menkaure (D:7)
  2 chaos spawn
  9 swamp worms
  28 nagas
  14 water moccasins
  A hell hound (Abyss:2)
  A small abomination (Abyss:2)
  5 swamp drakes
  A glowing shapeshifter skeleton (Depths:3)
  23 orc warriors
  A snapping turtle zombie (Crypt:1)
  3 ice beasts
  A sky beast (D:7)
  A black bear (D:6)
  An ettin simulacrum (Crypt:2)
  6 laughing skulls
  5 boggarts
  6 ogres
  4 wolves
  An elephant skeleton (Lair:5)
  A blink frog skeleton (Crypt:1)
  10 centaurs
  3 phantoms
  2 kobold brigands
  15 bullfrogs
  2 necrophages (Crypt:2)
  3 gnoll sergeants
  4 scorpions
  3 earth elementals
  13 wights
  2 cane toad simulacra (Lair:5)
  A yak zombie (Crypt:1)
  An elephant simulacrum (Lair:5)
  2 killer bees
  5 howler monkeys
  8 electric eels
  2 crimson imps
  5 hounds
  2 jellies
  13 orc priests
  A bombardier beetle (D:7)
  A basilisk zombie (Crypt:2)
  A gnoll bouda (D:4)
  2 iguanas
  A sleepcap (D:7)
  24 orc wizards
  A black bear skeleton (Crypt:2)
  15 gnolls
  A shadow imp (D:4)
  A ribbon worm zombie (Crypt:2)
  4 ufetubi (D:6)
  2 ribbon worms
  3 dart slugs
  72 orcs
  6 ball pythons
  A bat skeleton (Crypt:1)
  A bat zombie (Crypt:1)
  12 endoplasms
  2 giant cockroaches
  9 goblins
  2 hobgoblins
  3 jackals (D:3)
  16 kobolds
  2 quokkas
  4 bats
  3 frilled lizards
  A gnoll skeleton (Crypt:1)
  A rat (D:2)
1888 creatures vanquished.

Vanquished Creatures (collateral kills)
  Vashnia (Snake:3)
  A deep elf sorcerer (Elf:3)
  A naga sharpshooter (Snake:3)
  2 deep elf archers (Elf:3)
5 creatures vanquished.

Vanquished Creatures (others)
  A lich (Vaults:3)
  A sphinx zombie (Vaults:5)
  A vault guard (Vaults:5)
  An orc knight (Vaults:5)
  An unseen horror (D:13)
  A yaktaur (Vaults:5)
  A bloated husk (Swamp:2)
  A yak (D:11)
  A golden eye (Zot:4)
  A swamp worm (Swamp:4)
  An elephant skeleton (Lair:5)
  An orc wizard (Elf:3)
  An orc (Elf:3)
  16 foxfires
  2 starspawn tentacles (Abyss:2)
31 creatures vanquished.

Grand Total: 1924 creatures vanquished

Notes
Turn   | Place    | Note
-------+----------+-------------------------------------------
     0 | D:1      | community the Minotaur Berserker began the quest for the
                  | Orb.
     0 | D:1      | Reached XP level 1. HP: 19/19 MP: 0/0
   769 | D:2      | Reached XP level 2. HP: 27/27 MP: 1/1
  1048 | D:2      | Found Qoriboq's Magic Scroll Shop.
  1065 | D:2      | Bought a scroll of blinking for 90 gold pieces
  1065 | D:2      | Bought a scroll of identify for 24 gold pieces
  1101 | D:2      | Reached XP level 3. HP: 32/33 MP: 2/2
  1469 | D:3      | Reached ** piety under Trog
  1470 | D:3      | Reached XP level 4. HP: 41/41 MP: 3/3
  1715 | D:3      | Identified the +5 chain mail "Egoeruw" {^Contam +Inv Str+8}
  2047 | D:4      | Reached skill level 5 in Fighting
  2047 | D:4      | Reached skill level 5 in Axes
  2047 | D:4      | Reached XP level 5. HP: 48/48 MP: 4/4
  2404 | D:5      | Entered Level 5 of the Dungeon
  2423 | D:5      | Reached XP level 6. HP: 56/56 MP: 5/5
  2463 | D:5      | Found a burning altar of Makhleb.
  2548 | D:5      | Reached XP level 7. HP: 58/63 MP: 6/6
  2562 | D:5      | Reached *** piety under Trog
  2738 | D:5      | Found a staircase to the Ecumenical Temple.
  2761 | D:5      | Identified the +0 leather armour "Nujyfoaj" {-Cast rElec
                  | rPois Str+4}
  3108 | D:5      | Reached skill level 5 in Armour
  3405 | D:6      | Reached XP level 8. HP: 73/73 MP: 7/7
  3760 | D:6      | Reached skill level 5 in Dodging
  4236 | D:7      | Noticed a hornet
  4242 | D:7      | Killed a hornet
  4284 | D:7      | Noticed Menkaure
  4290 | D:7      | Reached XP level 9. HP: 82/82 MP: 8/8
  4290 | D:7      | Killed Menkaure
  4366 | D:7      | Noticed Jeremiah
  4624 | D:7      | Killed Jeremiah
  4625 | D:7      | Reached skill level 10 in Fighting
  4625 | D:7      | Reached skill level 10 in Axes
  4952 | D:8      | Reached **** piety under Trog
  5156 | D:8      | Reached XP level 10. HP: 94/94 MP: 9/9
  5210 | D:8      | Found an opulent altar of Gozag.
  5395 | D:8      | Found a shimmering blue altar of Sif Muna.
  5606 | D:9      | Found Gaheah's Weapon Emporium.
  5816 | D:9      | Found a staircase to the Lair.
  6067 | D:9      | Paralysed by a hornet for 2 turns
  6169 | D:9      | Noticed a two-headed ogre
  6176 | D:9      | Killed a two-headed ogre
  6220 | D:9      | Noticed a centaur warrior
  6220 | D:9      | Noticed a cyan ugly thing
  6226 | D:9      | Killed a cyan ugly thing
  6226 | D:9      | Noticed a centaur warrior
  6227 | D:9      | Noticed a cane toad
  6227 | D:9      | Noticed a green ugly thing
  6227 | D:9      | Identified the +1 great mace of the Fool {heavy, rF+ Int+6
                  | Stlth+}
  6227 | D:9      | Noticed a tengu warrior
  6233 | D:9      | Killed a centaur warrior
  6414 | D:9      | Reached XP level 11. HP: 105/105 MP: 10/10
  6419 | D:9      | Noticed a harpy
  6425 | D:9      | Killed a harpy
  6623 | D:9      | Killed a centaur warrior
  6720 | D:9      | Killed a green ugly thing
  6854 | D:9      | Killed a tengu warrior
  7053 | D:9      | Found Rema's Assorted Antiques.
  7057 | D:9      | Bought a scroll of identify for 66 gold pieces
  7057 | D:9      | Bought a scroll of identify for 66 gold pieces
  7057 | D:9      | Bought a white potion for 29 gold pieces
  7057 | D:9      | Bought a scroll of identify for 66 gold pieces
  7113 | D:9      | Noticed Erolcha
  7121 | D:9      | Killed Erolcha
  7154 | D:9      | Found Wadak's Antique Armour Shop.
  7357 | D:10     | Entered Level 10 of the Dungeon
  7614 | D:10     | Noticed a two-headed ogre
  7619 | D:10     | Killed a two-headed ogre
  7907 | D:10     | Found a glowing silver altar of Zin.
  7915 | D:10     | Found an ancient bone altar of Kikubaaqudgha.
  8148 | D:11     | Noticed Grum
  8155 | D:11     | Killed Grum
  8340 | D:11     | Found a staircase to the Orcish Mines.
  8348 | D:11     | Noticed a two-headed ogre
  8352 | D:11     | Killed a two-headed ogre
  8508 | D:11     | Noticed Psyche
  8519 | D:11     | Killed Psyche
  8673 | D:12     | Noticed a two-headed ogre
  8677 | D:12     | Killed a two-headed ogre
  8677 | D:12     | Reached ***** piety under Trog
  8678 | D:12     | Reached XP level 12. HP: 89/117 MP: 11/11
  9040 | D:12     | Found an ornate altar of the Wu Jian Council.
  9045 | D:12     | Noticed a two-headed ogre
  9049 | D:12     | Killed a two-headed ogre
  9050 | D:12     | Reached skill level 10 in Armour
  9204 | D:12     | Found Bymnac's Weapon Shop.
  9218 | D:12     | Received a gift from Trog
  9474 | D:12     | Noticed a tengu warrior
  9474 | D:12     | Noticed a tengu warrior
  9486 | D:12     | Killed a tengu warrior
  9490 | D:12     | Killed a tengu warrior
  9674 | D:13     | Noticed Rupert
  9686 | D:12     | Killed Rupert
 10062 | D:13     | Found a gate to the Vaults.
 10062 | D:13     | Noticed a centaur warrior
 10062 | D:13     | Noticed a vault guard
 10062 | D:13     | Noticed a vault guard
 10062 | D:13     | Noticed a vault guard
 10062 | D:13     | Noticed a boulder beetle
 10062 | D:13     | Noticed a vault guard
 10062 | D:13     | Noticed a centaur warrior
 10062 | D:13     | Noticed a tengu warrior
 10083 | D:12     | Killed a vault guard
 10222 | D:13     | Reached skill level 15 in Axes
 10223 | D:13     | Reached skill level 15 in Fighting
 10326 | D:13     | Killed a centaur warrior
 10360 | D:12     | Killed a vault guard
 10361 | D:12     | Reached skill level 10 in Dodging
 10681 | D:13     | Killed a tengu warrior
 10694 | D:13     | Killed a boulder beetle
 10709 | D:13     | Killed a vault guard
 10881 | D:13     | Noticed a six-headed hydra
 10884 | D:13     | Killed a centaur warrior
 10885 | D:13     | Reached XP level 13. HP: 94/128 MP: 12/12
 11038 | D:13     | Found Bauwuj's Magic Scroll Shoppe.
 11042 | D:13     | Found a transporter.
 11086 | D:13     | Found a one-way gate to the infinite horrors of the Abyss.
 11086 | D:13     | Noticed Bilof's ghost (journeyman HOFi)
 11410 | D:13     | Found a transporter.
 11848 | Lair:1   | Entered Level 1 of the Lair of Beasts
 11945 | Lair:1   | Found a runed translucent gate.
 11949 | Lair:1   | Found a runed translucent gate.
 11949 | Lair:1   | Found a runed translucent gate.
 12056 | Lair:1   | Identified a scroll of acquirement
 12056 | Lair:1   | Acquired the +0 hat "Liots" {rElec Str+3 Dex+3}
 12309 | Lair:1   | Noticed PaiMei's ghost (journeyman TeAE)
 12939 | Lair:2   | Found a staircase to the Swamp.
 12939 | Lair:2   | Found a staircase to the Snake Pit.
 13329 | Lair:2   | Found a shadowy altar of Dithmenos.
 13666 | Lair:3   | Received a gift from Trog
 14270 | Lair:4   | Found a stormy altar of Qazlal.
 14282 | Lair:4   | Reached XP level 14. HP: 96/140 MP: 4/13
 14644 | Lair:4   | Noticed Snorg
 14652 | Lair:4   | Killed Snorg
 15101 | Lair:4   | You are sucked into a shaft and drop 1 floor!
 15101 | Lair:5   | Entered Level 5 of the Lair of Beasts
 15714 | Lair:5   | Found a staircase to the Slime Pits.
 15714 | Lair:5   | Found a viscous altar of Jiyva.
 15755 | Lair:5   | Received a gift from Trog
 16877 | Lair:5   | Reached XP level 15. HP: 150/150 MP: 4/14
 17027 | Lair:5   | Received a gift from Trog
 17408 | Orc:1    | Entered Level 1 of the Orcish Mines
 17624 | Orc:2    | Entered Level 2 of the Orcish Mines
 17624 | Orc:2    | Noticed Saint Roka
 17714 | Orc:1    | Killed Saint Roka
 17988 | Orc:2    | Noticed Urug
 17992 | Orc:2    | Noticed Maurice
 17993 | Orc:2    | Received a gift from Trog
 18001 | Orc:2    | Killed Maurice
 18001 | Orc:2    | Killed Urug
 18257 | Orc:2    | Found Ehynavo's Antique Armour Emporium.
 18738 | Orc:1    | Found Feommatt's General Store.
 18751 | Orc:1    | Bought a potion of haste for 160 gold pieces
 18751 | Orc:1    | Bought a potion of haste for 160 gold pieces
 19054 | Orc:2    | Found Hueh's Jewellery Emporium.
 19059 | Orc:2    | Found a staircase to the Elven Halls.
 19167 | Orc:2    | Found Pisirol's Antique Weapon Boutique.
 19182 | Orc:2    | Found Gyisigo's General Store.
 19657 | D:14     | Found a glowing golden altar of the Shining One.
 19880 | D:14     | Received a gift from Trog
 20477 | D:14     | Noticed Jorgrun
 20484 | D:14     | Killed Jorgrun
 20670 | D:15     | Entered Level 15 of the Dungeon
 20796 | D:15     | Found a hazy altar of Hepliaklqana.
 21348 | D:15     | Reached XP level 16. HP: 161/162 MP: 5/15
 21353 | D:15     | Found a staircase to the Depths.
 22042 | Swamp:1  | Entered Level 1 of the Swamp
 23417 | Swamp:2  | Noticed Mlioglotl
 23422 | Swamp:2  | Killed Mlioglotl
 23955 | Swamp:3  | Identified the +11 long sword "Fischaevy" {vamp, *Corrode
                  | rF++ Dex+2 SInv}
 23990 | Swamp:3  | Identified the +2 morningstar "Illeguq" {drain, rC+}
 24370 | Swamp:3  | Received a gift from Trog
 24969 | Swamp:4  | Entered Level 4 of the Swamp
 25341 | Swamp:4  | Reached skill level 15 in Armour
 25628 | Swamp:4  | Noticed a tentacled monstrosity
 25637 | Swamp:4  | Killed a tentacled monstrosity
 26410 | Swamp:4  | Reached XP level 17. HP: 27/173 MP: 5/16
 26931 | Swamp:4  | Received a gift from Trog
 27064 | Swamp:4  | Got a decaying rune of Zot
 27160 | Snake:1  | Entered Level 1 of the Snake Pit
 29722 | Snake:3  | Received a gift from Trog
 29869 | Snake:3  | Identified the serpent talisman of Vermicelli {rC+}
 29869 | Snake:3  | Noticed Aizul
 29875 | Snake:3  | Killed Aizul
 29879 | Snake:3  | Noticed Vashnia
 29891 | Snake:3  | Killed Vashnia
 30306 | Snake:3  | Noticed Mara
 30314 | Snake:4  | Entered Level 4 of the Snake Pit
 30314 | Snake:4  | Noticed Bai Suzhen
 30881 | Snake:3  | Killed Bai Suzhen
 31148 | Snake:3  | Acquired 741 gold pieces
 31320 | Snake:4  | Found a transporter.
 31327 | Snake:4  | Found a transporter.
 31333 | Snake:4  | Received a gift from Trog
 31412 | Snake:4  | Found a transporter.
 31415 | Snake:4  | Found a transporter.
 31450 | Snake:4  | Found a transporter.
 31488 | Snake:4  | Noticed Roxanne
 31494 | Snake:4  | Found a transporter.
 31517 | Snake:4  | Killed Roxanne
 31939 | Snake:4  | Reached skill level 15 in Dodging
 31952 | Snake:4  | Reached XP level 18. HP: 129/187 MP: 5/17
 32374 | Snake:4  | Reached ****** piety under Trog
 32375 | Snake:4  | Noticed Nikola
 32393 | Snake:4  | Killed Nikola
 32419 | Snake:4  | Received a gift from Trog
 33129 | Snake:4  | Got a serpentine rune of Zot
 33391 | Vaults:1 | Entered Level 1 of the Vaults
 34298 | Vaults:1 | Received a gift from Trog
 34552 | Vaults:1 | Found Qefomm's Armour Shoppe.
 36118 | Vaults:2 | Received a gift from Trog
 36776 | Vaults:2 | You are sucked into a shaft and drop 2 floors!
 36872 | Vaults:4 | Found Yloaroargh's Antique Armour Emporium.
 37040 | Vaults:3 | Reached XP level 19. HP: 198/198 MP: 6/18
 37173 | Vaults:2 | Identified the +3 dagger "Jyaru" {flame, Str+2}
 37316 | Vaults:3 | Found a staircase to the Crypt.
 37402 | Vaults:3 | Received a gift from Trog
 37759 | Vaults:3 | Paralysed by a formless jellyfish for 1 turns
 38106 | Vaults:3 | Found Liufidou's Weapon Boutique.
 38832 | Vaults:3 | Found Boaz's Round Resellers.
 38838 | Abyss:2  | Cast into level 2 of the Abyss (an occultist)
 38935 | Abyss:2  | Found a corrupted altar of Lugonu.
 39109 | Abyss:2  | Received a gift from Trog
 39119 | Vaults:3 | Escaped the Abyss
 39606 | Vaults:4 | Noticed Donald
 39619 | Vaults:4 | Killed Donald
 40692 | Vaults:4 | Reached XP level 20. HP: 143/211 MP: 6/19
 40995 | Vaults:5 | Entered Level 5 of the Vaults
 41002 | Vaults:4 | Received a gift from Trog
 41919 | Vaults:5 | Noticed a dread lich
 41989 | Vaults:4 | Killed a dread lich
 42054 | Vaults:5 | Noticed a dread lich
 42103 | Vaults:4 | Killed a dread lich
 42980 | Vaults:5 | Noticed a dread lich
 43018 | Vaults:4 | Killed a dread lich
 43182 | Vaults:5 | Noticed a golden dragon
 43192 | Vaults:5 | Killed a golden dragon
 43198 | Vaults:5 | Received a gift from Trog
 43269 | Vaults:5 | Identified the +2 robe "Keom" {rF+ Int+4 Dex-4}
 44120 | Vaults:5 | Reached XP level 21. HP: 173/222 MP: 6/20
 44689 | Vaults:5 | Got a silver rune of Zot
 45774 | Orc:1    | Bought a ring of protection from fire for 400 gold pieces
 45812 | Orc:2    | Bought a ring of protection from cold for 250 gold pieces
 46137 | Elf:1    | Entered Level 1 of the Elven Halls
 46376 | Elf:1    | Received a gift from Trog
 46557 | Elf:1    | Paralysed by an air elemental for 1 turns
 46561 | Elf:1    | Paralysed by an air elemental for 1 turns
 47072 | Elf:2    | Identified the +3 hand axe "Paxue" {flame, rPois rC++ SInv}
                  | (Trog gifted it to you on level 2 of the Elven Halls)
 47072 | Elf:2    | Received a gift from Trog
 47237 | Elf:2    | Reached skill level 27 in Axes
 47242 | Elf:2    | Reached skill level 27 in Fighting
 47560 | Elf:2    | Received a gift from Trog
 47686 | Elf:2    | Found a runed translucent gate.
 47686 | Elf:2    | Found a runed translucent gate.
 47686 | Elf:2    | Found a runed translucent gate.
 48172 | Elf:2    | Identified the blade talisman of the Buccaneer {Dex+5}
 48177 | Elf:2    | Received a gift from Trog
 48814 | Elf:3    | Entered Level 3 of the Elven Halls
 49135 | Elf:3    | Noticed Norris
 49149 | Elf:3    | Killed Norris
 49353 | Elf:3    | Received a gift from Trog
 49642 | Elf:3    | Reached XP level 22. HP: 178/233 MP: 7/21
 50118 | Elf:3    | Identified the +8 glaive "Cudup" {holy, Stlth+}
 50118 | Elf:3    | Identified the ring of Oqupruts {Will+ AC+4}
 50344 | Elf:3    | Found the ring of Shadows {Umbra +Inv Stlth+}
 50429 | Elf:3    | Found the macabre finger necklace {Finger+ rN+}
 50431 | Elf:3    | Identified the ring "Efougido" {rF- rC+ Will+ Str+3 Dex+3}
 50440 | Elf:3    | Identified the ring of Eroint {^Drain rPois rN+++ Str-5
                  | Dex+7}
 50441 | Elf:3    | Identified the +1 scale mail of the Stallion {Harm rElec
                  | Str+3}
 50567 | Elf:3    | Identified the +0 mace "Coqo" {venom, rPois rF+ Will+}
 50579 | Elf:3    | Identified the +6 morningstar "Marrebre" {freeze, Str+2
                  | Int+3}
 50962 | Crypt:1  | Entered Level 1 of the Crypt
 51187 | Crypt:1  | Found a basalt altar of Yredelemnul.
 52861 | Crypt:3  | Entered Level 3 of the Crypt
 53009 | Crypt:3  | Identified the +6 war axe of the Puffin {flame, ^Drain
                  | Will+ Str+5 Stlth+} (Trog gifted it to you on level 3 of
                  | the Crypt)
 53009 | Crypt:3  | Received a gift from Trog
 53153 | Crypt:3  | Identified the ring of Cediatuz {Ice Will++}
 53153 | Crypt:3  | Noticed Josephina
 53160 | Crypt:3  | Killed Josephina
 53442 | Crypt:3  | Identified the granite talisman of Tiph {Fly rF- rC+ rN+
                  | Will+}
 53502 | Crypt:3  | Found the +8 Vampire's Tooth {megavamp}
 53558 | Crypt:3  | Identified the ring "Guovik" {rN+ Int+5}
 53558 | Crypt:3  | Identified the ring of Saranana {rF+++ rC- rN+ rCorr Int+3}
 53668 | Crypt:3  | Found a staircase to the Tomb.
 53854 | Crypt:3  | Identified the +0 robe of the Other World {-Cast rCorr
                  | Dex+6}
 54038 | Crypt:3  | Identified the +0 ring mail of Ugapn {Regen+ Dex+2}
 54125 | Crypt:3  | Received a gift from Trog
 54252 | Crypt:3  | Identified the +8 chain mail of the Desert {+Inv Dex+3}
 54389 | Crypt:3  | Found an ancient bone altar of Kikubaaqudgha.
 54586 | Crypt:3  | Identified the +5 chain mail of the Sea {rCorr MP+9}
 54596 | Crypt:3  | Noticed an ancient lich
 54606 | Crypt:3  | Killed an ancient lich
 54944 | Crypt:3  | Identified the +10 quarterstaff of Dawn {holy, rElec rPois
                  | rF+ Dex+2}
 55413 | Depths:1 | Entered Level 1 of the Depths
 55723 | Depths:1 | Noticed Sojobo
 56023 | Depths:1 | Acquired a manual of Evocations
 56106 | Depths:1 | Reached skill level 1 in Evocations
 56149 | Depths:1 | Killed Sojobo
 56150 | Depths:1 | Reached XP level 23. HP: 148/240 MP: 7/22
 56331 | Depths:1 | Received a gift from Trog
 56442 | Depths:1 | Found an opulent altar of Gozag.
 56450 | Depths:1 | Found a gateway to Hell.
 57141 | Depths:2 | You are sucked into a shaft and drop 1 floor!
 57156 | Depths:3 | Found a runed translucent door.
 57157 | Depths:3 | Noticed Dameikh's ghost (veteran FoFi)
 57185 | Depths:3 | Found a stormy altar of Qazlal.
 57199 | Depths:3 | Identified the ring of Tesijita {rPois Dex+6}
 57374 | Depths:3 | Noticed a dread lich
 57382 | Depths:3 | Killed a dread lich
 57387 | Depths:3 | Reached skill level 5 in Evocations
 58014 | Depths:3 | Identified the +1 trident "Luskyacw" {heavy, Will+}
 58669 | Depths:3 | Killed Dameikh's ghost
 58895 | Depths:2 | Found a one-way gateway to a ziggurat.
 59179 | Depths:2 | Received a gift from Trog
 59209 | Depths:2 | Noticed a juggernaut
 59220 | Depths:2 | Killed a juggernaut
 59570 | Depths:2 | Found a one-way gate leading to the halls of Pandemonium.
 59624 | Depths:2 | Noticed a caustic shrike
 59632 | Depths:2 | Killed a caustic shrike
 59724 | Depths:2 | Identified the staff "Poacunob" {rC+ rCorr Stlth- Ice
                  | Earth}
 59987 | Depths:2 | Found a basalt altar of Yredelemnul.
 60325 | Depths:4 | Entered Level 4 of the Depths
 60411 | Depths:4 | Identified the +3 scale mail "Folloann" {rElec rC- Int+4
                  | SInv}
 60482 | Depths:4 | Reached XP level 24. HP: 229/249 MP: 7/22
 60741 | Depths:4 | Received a gift from Trog
 60744 | Depths:4 | Found a gate to the Realm of Zot.
 61413 | Zot:1    | Entered Level 1 of the Realm of Zot
 62028 | Zot:5    | Entered Level 5 of the Realm of Zot
 62033 | Zot:5    | Identified the +9 broad axe of the People {heavy, rElec rF+
                  | rCorr} (Trog gifted it to you on level 5 of the Realm of
                  | Zot)
 62033 | Zot:5    | Received a gift from Trog
 62048 | Zot:5    | Reached skill level 10 in Evocations
 63727 | Zot:5    | Noticed an ancient lich
 63752 | Zot:5    | Killed an ancient lich
 63869 | Zot:5    | Noticed a Killer Klown
 63898 | Zot:5    | Killed a Killer Klown
 64035 | Zot:5    | Noticed an ancient lich
 64050 | Zot:5    | Killed an ancient lich
 64081 | Zot:5    | Noticed an orb of fire
 64099 | Zot:5    | Killed an orb of fire
 64253 | Zot:5    | Noticed an ancient lich
 64263 | Zot:5    | Noticed a dread lich
 64267 | Zot:5    | Killed an ancient lich
 64279 | Zot:5    | Killed a dread lich
 64279 | Zot:5    | Received a gift from Trog
 64280 | Zot:5    | Noticed an orb of fire
 64290 | Zot:5    | Killed an orb of fire
 64291 | Zot:5    | Reached XP level 25. HP: 210/257 MP: 7/22
 64345 | Zot:5    | Noticed a Killer Klown
 64348 | Zot:5    | Noticed a dread lich
 64353 | Zot:5    | Killed a Killer Klown
 64356 | Zot:5    | Paralysed by a dread lich for 3 turns
 64360 | Zot:5    | Killed a dread lich
 65179 | Zot:5    | Got the Orb of Zot
 65589 | D:6      | Noticed Feanguru the pandemonium lord
 65651 | D:3      | Noticed Wuti the pandemonium lord
 65698 | D:1      | Noticed Uraysm the pandemonium lord
 65724 | D:$      | Escaped with the Orb!

Illustrated notes

Levels and vault maps discovered:
D:1:      erik_arrival_triangle_small, layout_basic, minmay_statues_item,
          hangedman_decor_riveting
D:2:      layout_loops_ring, serial_shops, nicolae_shop_waterfront,
          minmay_crystal_water, minmay_pentomino_r4
D:3:      minmay_spotlight, layout_rooms
D:4:      layout_rooms
D:5:      layout_gridville, makhleb_grotto_becter, minmay_temple_entry_waves
D:6:      layout_cave_pods, minivault_24
D:7:      layout_cave_pools, uniq_jeremiah, uniq_menkaure
D:8:      layout_rooms, lemuel_doored_altar, led_sif_pool
D:9:      minmay_the_grid_triangle_9x9_rhombus_thin_mashed
          [minmay_the_grid_triangle_9x9_negative_grid,
          minmay_the_grid_triangle_9x9_prize_center,
          minmay_the_grid_triangle_9x9_sparse_checkered,
          minmay_the_grid_triangle_9x9_empty], layout_cave_pods,
          erik_lair_orcish_takeover, serial_shops, nicolae_shop_back_alley_shop,
          shop_statue, shop, uniq_erolcha
D:10:     layout_rooms, jmf_multi_god_temple2, hangedman_stone_soup
D:11:     layout_loops_ring, orc_0_dummy, uniq_psyche, uniq_grum
D:12:     layout_basic, serial_shops, shop, nicolae_wu_jian_immortal_techniques
D:13:     layout_long_grid, lightli_vaults_fourway_checkpoint,
          gammafunk_ghost_abyssal_escape, serial_shops, nicolae_square_shop,
          uniq_rupert
D:14:     layout_loops_corners, minivault_4, tso_altar, uniq_jorgrun
D:15:     grunt_enter_depths_snipers, layout_basic, lemuel_tele_altar
Lair:1:   layout_chaotic_city, gammafunk_ghost_icy, lemuel_old_faithful
Lair:2:   layout_cellular_growth, swamp_mist, dummy_snake_entry, basic_altar,
          st_stairs_6, grunt_megastairs_3
Lair:3:   layout_hall_layers, minivault_27
Lair:4:   layout_gridlike, basic_altar, serial_forest,
          infiniplex_forest_lined_room_, infiniplex_forest_clump_long,
          infiniplex_forest_clump_C, infiniplex_forest_lined_2,
          infiniplex_forest_end_1, infiniplex_forest_corner_2,
          infiniplex_forest_clump_small, serial_bayou_lake_a,
          infiniplex_staircase_pool, uniq_snorg
Lair:5:   due_jungle_book, layout_loops_ring, slime_entry_1,
          pdpol_lair_cavern_descent, grunt_megastairs_4, serial_bayou_shore_a
Swamp:1:  layout_basic_swamp, evilmike_swamp_ruin_house_3
Swamp:2:  layout_basic_swamp, evilmike_swamp_ruin_house_4, uniq_mlioglotl
Swamp:3:  layout_basic_swamp, nicolae_swamp_little_swirl
Swamp:4:  swamp_basic_johnstein, layout_basic_swamp, infiniplex_staircase_pool_2
Snake:1:  layout_gridlike, nicolae_triple_integral
Snake:2:  layout_chambers, abandoned_shop
Snake:3:  layout_grid_maze, dpeg_stationary_puzzle, uniq_aizul, uniq_vashnia,
          uniq_mara
Snake:4:  hellmonk_snake_rune_quicksilver_temple, layout_misc_corridors,
          serial_bayou_pond_c, serial_nicolae_subway, nicolae_sub_station_metal,
          nicolae_sub_station_stone, nicolae_sub_station_crystal,
          serial_bayou_shore_b, serial_bayou_shore_b, uniq_bai_suzhen,
          uniq_roxanne, uniq_nikola
Orc:1:    layout_diamond_mine, serial_shops, shop
Orc:2:    grunt_orc_gardens, layout_caves, grunt_orc_garden, grunt_orc_garden,
          grunt_orc_garden, grunt_orc_garden, uniq_saint_roka, uniq_maurice,
          uniq_urug
Elf:1:    layout_gridlike, minmay_elf_demonology, lemuel_upstairs_altar
Elf:2:    elven_hall_of_blades_hangedman_original
          [nicolae_blade_entry_floor_patterns], layout_loops_cross, drop_trap
Elf:3:    minmay_elf_hall_dome, layout_loops_cross, uniq_norris
Vaults:1: nicolae_vaults_taking_the_gang_shopping, vaults_room_large_hall,
          grunt_vaults_focal, nicolae_vaults_prndl, vaults_room_door_ring,
          nicolae_vaults_more_shelving_2, nicolae_vaults_trapezoid_layered,
          ontoclasm_vaults_loading_screen, vaults_room_large_hall,
          layout_vaults_big_room
Vaults:2: lightli_enter_wizlab_magi_temple, vaults_dpeg_ring,
          nicolae_vaults_yaktaur_gun_rack, nicolae_vaults_storage_closets_1,
          ontoclasm_vaults_idyll, v_alt_pattern_1,
          nicolae_vaults_little_squares_4, ontoclasm_vaults_chip,
          hangedman_vaults_slice, nicolae_vaults_diamond_2,
          nicolae_vaults_closet_pinwheel_4, layout_vaults_omnigrid
Vaults:3: v_misc_32, vaults_dpeg_doors, minmay_crypt_entry_simple_sparse,
          v_misc_18, ontoclasm_vaults_loading_screen, ontoclasm_vaults_eye,
          hangedman_vaults_slither, nicolae_vaults_trapezoid_layered,
          hangedman_vaults_unwind, v_misc_13, nicolae_vaults_tetromino_L_1,
          nicolae_vaults_weapon_check, nicolae_vaults_asterisk,
          vaults_room_pool, tekkud_shop_of_orbs, layout_vaults_omnicross,
          serial_shops, nicolae_shop_back_alley_shop
Vaults:4: ontoclasm_vaults_ring_large, nicolae_vaults_corridor_and_loot_room,
          hangedman_vaults_locks, v_misc_17, v_misc_11, v_misc_33, v_misc_4,
          nicolae_vaults_mini_display_case, hangedman_vaults_restitches,
          nicolae_vaults_rhombus_5, nicolae_vaults_shelves_hall,
          layout_vaults_ring, serial_shops, shop, uniq_donald
Vaults:5: serial_shops
Crypt:1:  layout_rooms, basic_altar
Crypt:2:  layout_catacombs, minivault_14
Crypt:3:  quadcrypt_mu, uniq_josephina, uniq_grunn
Depths:1: layout_honeycomb, nicolae_gozag_cash_rules_everything_around_me,
          hell_entry, minmay_mirror_moons_of_madness, nicolae_integral_box,
          uniq_sojobo
Depths:2: kennysheep_oblong_rooms, layout_honeycomb, enter_ziggurat_a,
          pan_entry, hell_entry, lemuel_statue_altar,
          infiniplex_staircase_zigzag_2
Depths:3: minmay_haunted_quarter, layout_gridlike, ebering_ghost_inner_flame,
          special_room [special_room_morgue], abyss_entry,
          nicolae_qazlal_scattered_showers, grunt_mini_vestibule, st_stairs_6,
          solitary_fountain, kennysheep_island_fort
Depths:4: grunt_twist_and_shout, layout_honeycomb, minmay_misc_feat_roman,
          pan_entry, hell_entry
Zot:1:    nicolae_zot_stationary_front, layout_basic, ebering_ghost_xom
Zot:2:    layout_misc_corridors
Zot:3:    layout_gridlike, regret_index_zotdec_ex
Zot:4:    layout_twisted_circle, bh_zot_lava_cross
Zot:5:    layout_basic

Skill      XL: |  1  2  3  4  5  6  7  8  9 10 11 12 13 14 15 16 17 18 19 20 21 22 23 24 25 |
---------------+----------------------------------------------------------------------------+-----
Fighting       | 4 5 6 7 8 10 12 14 15 17 18 20 21 22 24 25 26 27 | 27.0
Axes           | 4 5 6 7 9 10 12 14 15 17 18 20 21 22 24 25 26 27 | 27.0
Armour         | 3 4 5 6 7 8 9 11 12 13 14 15 16 17 18 20 23 24 26 | 26.9
Dodging        | 3 4 5 6 7 9 10 11 12 13 14 15 16 17 19 21 22 24 25 | 25.0
Evocations     | 1 8 11 12 | 12.5

Action                     |  1- 3 |  4- 6 |  7- 9 | 10-12 | 13-15 | 16-18 | 19-21 | 22-24 | 25-27 || total
---------------------------+-------+-------+-------+-------+-------+-------+-------+-------+-------++-------
  Melee: Hand axe          |    50 |   141 |   161 |       |       |       |       |       |       ||   352
         Headbutt          |     5 |    19 |    29 |    60 |   141 |   210 |   231 |   405 |    29 ||  1129
         Punch             |       |     1 |     2 |       |       |       |       |       |       ||     3
         Battleaxe         |       |       |    12 |   294 |   169 |       |       |       |       ||   475
         War axe           |       |       |     5 |       |       |       |       |       |       ||     5
         Unarmed           |       |       |       |     7 |       |       |       |       |       ||     7
         Executioner's axe |       |       |       |       |   460 |   817 |   876 |  1267 |    87 ||  3507
  Throw: Dart              |       |       |       |     5 |       |     1 |       |       |       ||     6
 Invoke: Berserk           |     2 |     2 |     7 |    10 |    16 |    18 |    15 |     8 |       ||    78
         Trog's Hand       |       |     1 |     2 |     2 |     1 |     3 |    24 |     5 |     3 ||    41
         Brothers in Arms  |       |       |       |       |       |     1 |     1 |       |       ||     2
  Evoke: Wand              |       |       |       |       |       |       |       |     1 |       ||     1
    Use: Scroll            |     3 |     2 |     1 |    13 |    15 |     8 |     5 |    17 |       ||    64
         Potion            |       |       |       |       |       |     2 |       |     1 |     2 ||     5
   Stab: Distracted        |       |       |       |       |       |       |     2 |     1 |       ||     3
 Armour: Leather armour    |    12 |       |       |       |       |       |       |       |       ||    12
         Ice dragon scales |    10 |    22 |       |       |       |       |       |       |       ||    32
         Ring mail         |     5 |       |       |       |       |       |       |       |       ||     5
         Chain mail        |       |    78 |   164 |   353 |   531 |   884 |   768 |   567 |       ||  3345
         Gold dragon scale |       |       |       |       |       |       |       |    92 |    54 ||   146
  Dodge: Dodged            |    37 |    75 |   109 |   231 |   442 |   774 |   681 |  1003 |    53 ||  3405
         Repelled          |       |       |       |     8 |     1 |    21 |    19 |    28 |     1 ||    78
